 Dungeon Crawl Stone Soup version 0.28-a0-794-gafe8c5f9e9 (webtiles) character file.

Game seed: 11228704982793464097

19118 vurker the Thaumaturge (level 13, -13/96 HPs)
             Began as a Djinni Air Elementalist on Nov 5, 2021.
             Was an Elder of Makhleb.
             Mangled by an entropy weaver simulacrum (15 damage)
             ... in an ice cave.
             The game lasted 00:21:08 (19596 turns).

vurker the Thaumaturge (Djinni Air Elementalist)   Turns: 19596, Time: 00:21:09

Health: -13/96     AC:  9    Str:  7    XL:     13   Next: 2%
Gold:   667        EV: 16    Int: 26    God:    Makhleb [****..] SH:  4 Dex: 15

rFire   + + +      SeeInvis .   g - +3 dagger (drain)
rCold   + . .      Faith    .   J - +0 buckler
rNeg    . . .      Spirit   .   K - +2 robe {rC+ rF+}
rPois   ∞          Reflect  .   (no helmet)
rElec   .          Harm     .   l - +0 cloak "Xis Xuoq" {rF+ rCorr}
rCorr   +          Rampage  .   (no gloves)
Will    +....                   (boots unavailable)
Stlth   ++........              b - amulet of the acrobat
HPRegen 0.26/turn               n - ring of protection from cold
MPRegen 0.00/turn               H - ring of Xaliv {AC+4 Int+5}

@: flying
A: sickness immunity, fire resistance 2, cold vulnerability 1, float, innate
caster, hp casting, extra vitality 1
a: Renounce Religion, Minor Destruction, Lesser Servant of Makhleb, Major
Destruction


You were in an ice cave.
You worshipped Makhleb.
Makhleb was greatly pleased with you.
You visited 3 branches of the dungeon, and saw 14 of its levels.
You also visited: Bailey and Ice Cave.

You collected 700 gold pieces.
You spent 33 gold pieces at shops.

Inventory:

Hand Weapons
 g - a +3 dagger of draining (weapon)
   (You took it off a goblin on level 2 of the Dungeon)
Missiles
 s - 3 throwing nets
Armour
 l - the +0 cloak "Xis Xuoq" (worn) {rF+ rCorr}
   (You found it on level 10 of the Dungeon)

   rF:        It protects you from fire.
   rCorr:     It protects you from acid and corrosion.
 v - +0 steam dragon scales
   (You found it on level 4 of the Dungeon)
 D - the +0 robe of Patterns {Int+4 Archmagi}
   (You found it on level 7 of the Dungeon)

   Int:       It affects your intelligence (+4).
   Archmagi:  It increases the power of your magical spells.
 J - a +0 buckler (worn)
   (You found it on level 1 of the Lair of Beasts)
 K - a +2 robe of resistance (worn)
   (You found it in an ice cave)
Magical Staves
 c - a staff of cold
   (You took it off Fannar on level 10 of the Dungeon)
Jewellery
 a - an amulet of reflection
   (You found it in an ice cave)
 b - an amulet of the acrobat (around neck)
   (You found it on level 1 of the Dungeon)
 e - a ring of protection from fire
   (You found it on level 10 of the Dungeon)
 n - a ring of protection from cold (left hand)
   (You took it off a gnoll on level 3 of the Dungeon)
 C - a ring of positive energy
   (You found it on level 7 of the Dungeon)
 H - the ring of Xaliv (right hand) {AC+4 Int+5}
   (You found it on level 4 of the Dungeon)

   [ring of protection]

   AC:        It affects your AC (+4).
   Int:       It affects your intelligence (+5).
Wands
 d - a wand of iceblast (20)
   (You found it on level 5 of the Dungeon)
 r - a wand of mindburst (10)
   (You found it in an ice cave)
 t - a wand of flame (67)
   (You took it off Grinder on level 4 of the Dungeon)
 u - a wand of paralysis (10)
   (You took it off an orc on level 8 of the Dungeon)
 x - a wand of acid (5)
   (You found it on level 11 of the Dungeon)
 I - a wand of charming (8)
   (You found it on level 1 of the Lair of Beasts)
Scrolls
 f - 4 scrolls of silence
 h - 4 scrolls of enchant weapon
 k - a scroll of brand weapon
 m - a scroll of magic mapping
 w - 2 scrolls of teleportation
 y - 2 scrolls of fear
 B - 3 scrolls of identify
 F - 2 scrolls of vulnerability
Potions
 i - a potion of attraction
 j - 2 potions of haste
 o - 3 potions of brilliance
 p - 2 potions of heal wounds
 q - 2 potions of curing
 z - 2 potions of mutation
 A - 3 potions of resistance
 E - a potion of cancellation
 G - 2 potions of lignification


   Skills:
 + Level 9.8 Fighting
 + Level 9.7 Dodging
 - Level 1.5 Stealth
 + Level 1.1 Shields
 * Level 11.1 Spellcasting
 + Level 7.7 Invocations


You had 5 spell levels left.
You knew the following spells:

 Your Spells              Type           Power      Damage    Failure   Level
a - Shock                 Conj/Air       100%       1d9       1%          1
b - Static Discharge      Conj/Air       64%        N/A       1%          2
c - Airstrike             Air            32%        N/A       1%          4
d - Swiftness             Air            64%        N/A       1%          3
e - Magic Dart            Conj           100%       1d8       1%          1
f - Wereblood             Tmut           64%        N/A       1%          2
g - Tukima's Dance        Hex            64%        N/A       1%          3
h - Petrify               Tmut/Erth      64%        N/A       1%          4
i - Summon Lightning Spi  Summ/Air       64%        N/A       1%          4
z - Freezing Cloud        Conj/Ice/Air   32%        6-21      1%          5
Your spell library was empty.

Dungeon Overview and Level Annotations

Branches:
Dungeon (11/15)            Temple (1/1) D:6            Lair (2/6) D:10
 Spider (0/4) Lair:2          Orc (0/2) D:9          Bailey (visited)
  IceCv (1/1)
  Swamp: Lair:2-4    Shoals: Lair:2-4

Altars:
Elyvilon
Fedhas
Hepliaklqana
Makhleb
Qazlal
Ru
Uskayaw
Yredelemnul
Zin

Shops:
D:1 (   D:3 !   D:11 (

Annotations:
D:4 1 runed translucent door, Zgarb's ghost, amateur OpDe
D:11 1 runed translucent door, nago's ghost, novice GnCA


Innate Abilities, Weirdness & Mutations

You are immune to sickness and miasma.
You are immune to poison.
Your flesh is very heat resistant. (rF++)
You are vulnerable to cold. (rC-)
You float through the air rather than walking.
You learn spells naturally, not from books.
Your magical power is your life essence.
You have superior vitality. (+4 HP)


Message History

Found an ichor-stained robe and a scroll of identify.
You now have 667 gold pieces (gained 23).
u - a wand of paralysis (10) (gained 4 charges)
a - the +1 robe "Huenacw" {Rampage Will- rCorr Int+5} Drop what? 37/52 slots (_ for help) (? for menu, Esc to quit)
You drop the +1 robe "Huenacw" {Rampage Will- rCorr Int+5}.
B - 3 scrolls of identify (gained 1)
a - an amulet of reflection
Okay, then. 2 simulacra come into view.
Found 37 gold pieces and a pair of gloves.
The harpy simulacrum claws you. The harpy simulacrum freezes you! You resist.
You block the harpy simulacrum's attack.
The harpy simulacrum closely misses you.
The harpy simulacrum claws you. The harpy simulacrum freezes you! You resist.
Aim: a harpy simulacrum (empty space bonus: 4/8)
The air twists around and strikes the harpy simulacrum!
The harpy simulacrum barely misses you.
The harpy simulacrum closely misses you. x2
You block the harpy simulacrum's attack.
Aim: a harpy simulacrum (severely damaged, empty space bonus: 4/8)
The air twists around and strikes the harpy simulacrum!
Makhleb accepts your kill.
The entropy weaver simulacrum closely misses you.
The entropy weaver simulacrum hits you.
The entropy weaver simulacrum freezes you!!
You resist.
* * * LOW HITPOINT WARNING * * *
The entropy weaver simulacrum misses you.
The entropy weaver simulacrum hits you!
* * * LOW HITPOINT WARNING * * *
The entropy weaver simulacrum freezes you!!
You resist.
* * * LOW HITPOINT WARNING * * *
Aim: an entropy weaver simulacrum (empty space bonus: 4/8)
The air twists around and strikes the entropy weaver simulacrum!
* * * LOW HITPOINT WARNING * * *
The entropy weaver simulacrum closely misses you.
The entropy weaver simulacrum completely misses you.
The entropy weaver simulacrum barely misses you. x2
Aim: an entropy weaver simulacrum (moderately damaged, empty space bonus: 4/8)
The air twists around and strikes the entropy weaver simulacrum!
* * * LOW HITPOINT WARNING * * *
The entropy weaver simulacrum misses you.
The entropy weaver simulacrum completely misses you.
The entropy weaver simulacrum hits you!
* * * LOW HITPOINT WARNING * * *
The entropy weaver simulacrum freezes you!
You resist.
You die...

#### $[$ ##
###.⌠ #..#...
### #..Z○#####≈#
###@≈≈#≈#≈#
#..≈#≈≈≈≈##
#...##≈≈≈#≈≈####
####
#######≈≈.##
###..# ##..##
#..## ###..#
##...##


You could see an entropy weaver simulacrum.

Vanquished Creatures
  Fannar (D:10)
  A boulder beetle (D:11)
  A hydra (D:9)
  A two-headed ogre (D:10)
  3 orc knights
  An orange crystal statue (D:8)
  2 manticores
  A cyclops (D:11)
  Joseph (D:9)
  A black mamba (Lair:1)
  Maurice (D:8)
  A gargoyle (D:11)
  2 cane toads (Lair:1)
  An ice statue (IceCv)
  A kobold demonologist (D:11)
  5 komodo dragons
  2 trolls
  2 polar bears (Lair:1)
  2 hornets
  Grinder (D:4)
  A wraith (D:10)
  7 yaks
  A centaur simulacrum (D:10)
  2 wyverns
  A human (D:9)
  2 basilisks (Lair:1)
  2 steam dragons
  A harpy simulacrum (IceCv)
  Edmund (D:4)
  A warg (D:8)
  4 water moccasins
  14 orc warriors
  An ice beast (D:7)
  2 sky beasts
  A black bear (D:7)
  3 ogres
  7 wolves
  A phantom (D:6)
  4 bullfrogs
  A two-headed ogre simulacrum (IceCv)
  2 wyvern zombies
  A water moccasin zombie (D:5)
  A cane toad simulacrum (Lair:2)
  7 scorpions
  A wyvern skeleton (D:7)
  2 elephant simulacra
  4 wights (D:8)
  8 electric eels
  3 howler monkeys
  2 bullfrog zombies (D:6)
  5 centaur zombies
  3 lava snakes (D:8)
  4 hounds
  2 jellies
  4 orc priests
  Crazy Yiuf (D:3)
  Jessica (D:2)
  A gnoll shaman (D:7)
  Terence (D:2)
  9 orc wizards
  A troll simulacrum (IceCv)
  2 spriggan simulacra (IceCv)
  A killer bee zombie (D:8)
  14 gnolls
  5 adders
  2 naga simulacra (IceCv)
  A shadow imp (D:6)
  3 white imps
  2 ufetubi (IceCv)
  3 adder skeletons (D:4)
  A worm (D:3)
  2 dart slugs
  36 orcs
  4 endoplasms
  15 giant cockroaches
  23 goblins
  19 hobgoblins
  A quokka (D:4)
  9 ball pythons
  5 bats
  3 frilled lizards
  8 kobolds
  3 rats
313 creatures vanquished.

Vanquished Creatures (others)
  8 fungi (Lair:1)
  26 plants
  2 withered plants (D:4)
36 creatures vanquished.

Grand Total: 349 creatures vanquished

Notes
Turn   | Place    | Note
-------+----------+-------------------------------------------
     0 | D:1      | vurker the Djinni Air Elementalist began the quest for the
                  | Orb.
     0 | D:1      | Reached XP level 1. HP: 15/15 MP: 0/0
   253 | D:1      | Reached XP level 2. HP: 17/22 MP: 0/0
   443 | D:1      | Found Susof's Weapon Emporium.
   714 | D:1      | Reached skill level 1 in Fighting
  1126 | D:2      | Noticed Jessica
  1126 | D:2      | Found a faded altar of an unknown god.
  1131 | D:2      | Killed Jessica
  1132 | D:2      | Reached skill level 3 in Spellcasting
  1132 | D:2      | Reached XP level 3. HP: 9/27 MP: 0/0
  1132 | D:2      | Learned a level 1 spell: Magic Dart
  1423 | D:2      | Reached XP level 4. HP: 26/32 MP: 0/0
  2026 | D:2      | Noticed Terence
  2046 | D:2      | Killed Terence
  2047 | D:2      | Reached XP level 5. HP: 25/38 MP: 0/0
  2047 | D:2      | Learned a level 2 spell: Wereblood
  2344 | D:3      | Reached skill level 4 in Spellcasting
  2692 | D:3      | Reached XP level 6. HP: 20/45 MP: 0/0
  3173 | D:3      | Found Sargh's Distillery.
  3213 | D:3      | Bought a potion of curing for 33 gold pieces
  3253 | D:3      | Found a runed translucent door.
  3254 | D:3      | Noticed Crazy Yiuf
  3640 | D:3      | Killed Crazy Yiuf
  3898 | D:4      | Noticed Grinder
  3909 | D:4      | Paralysed by Grinder for 3 turns
  3916 | D:4      | Paralysed by Grinder for 3 turns
  3921 | D:4      | Killed Grinder
  3922 | D:4      | Reached skill level 5 in Spellcasting
  3922 | D:4      | Reached XP level 7. HP: 7/52 MP: 0/0
  3922 | D:4      | Learned a level 3 spell: Tukima's Dance
  4227 | D:4      | Noticed Edmund
  4250 | D:4      | Killed Edmund
  4327 | D:4      | Found a runed translucent door.
  4327 | D:4      | Noticed Zgarb's ghost (amateur OpDe)
  4570 | D:4      | Identified the ring of Xaliv {AC+4 Int+5}
  4609 | D:4      | Noticed a steam dragon
  4614 | D:4      | Killed a steam dragon
  4615 | D:4      | Reached XP level 8. HP: 44/58 MP: 0/0
  4881 | D:5      | Entered Level 5 of the Dungeon
  4887 | D:4      | Reached skill level 6 in Spellcasting
  5006 | D:5      | Reached skill level 5 in Fighting
  6365 | D:5      | Reached XP level 9. HP: 57/65 MP: 0/0
  6365 | D:5      | Learned a level 4 spell: Petrify
  6581 | D:6      | Reached skill level 7 in Spellcasting
  6905 | D:6      | Found a staircase to the Ecumenical Temple.
  6911 | Temple   | Entered the Ecumenical Temple
  6920 | Temple   | Became a worshipper of Makhleb the Destroyer
  6962 | D:6      | Noticed a hornet
  6965 | D:6      | Killed a hornet
  6966 | D:6      | Reached skill level 1 in Invocations
  7531 | D:7      | Found a transporter.
  7547 | D:7      | Reached skill level 5 in Dodging
  7710 | D:7      | Found a flagged portal.
  7917 | Bailey   | Entered a bailey
  7931 | Bailey   | Reached XP level 10. HP: 57/73 MP: 0/0
  8241 | Bailey   | Reached * piety under Makhleb
  8419 | Bailey   | Noticed an orc knight
  8448 | Bailey   | Reached skill level 8 in Spellcasting
  8453 | Bailey   | Killed an orc knight
  9310 | Bailey   | Noticed an orc warlord
  9324 | Bailey   | Identified the +6 falchion of Fomot {pain, Stlth+}
  9351 | Bailey   | Reached ** piety under Makhleb
  9491 | Bailey   | Noticed an orc knight
  9949 | D:7      | Identified the +0 robe of Patterns {Int+4 Archmagi}
  9992 | D:7      | Found a transporter.
 10673 | D:8      | Noticed an orange crystal statue
 10925 | D:8      | Noticed Maurice
 10938 | D:8      | Killed Maurice
 11152 | D:8      | Identified the +0 robe of Greed {Regen+ Int+3}
 11293 | D:8      | Found a stormy altar of Qazlal.
 11342 | D:8      | Reached skill level 9 in Spellcasting
 11342 | D:8      | Reached XP level 11. HP: 34/80 MP: 0/0
 11342 | D:8      | Learned a level 4 spell: Summon Lightning Spire
 12392 | D:8      | Killed an orange crystal statue
 12393 | D:8      | Reached skill level 5 in Invocations
 12779 | D:9      | Noticed a four-headed hydra
 12784 | D:9      | Killed a four-headed hydra
 13021 | D:9      | Found a staircase to the Orcish Mines.
 13024 | D:9      | Reached *** piety under Makhleb
 13446 | D:9      | Noticed Joseph
 13452 | D:9      | Killed Joseph
 14028 | D:10     | Entered Level 10 of the Dungeon
 14033 | D:10     | Noticed a manticore
 14039 | D:10     | Killed a manticore
 14473 | D:10     | Found a staircase to the Lair.
 14560 | D:10     | Noticed an orc knight
 14566 | D:10     | Killed an orc knight
 14701 | D:10     | Noticed an orc knight
 14712 | D:10     | Killed an orc knight
 14713 | D:10     | Reached skill level 10 in Spellcasting
 15320 | D:10     | Noticed Fannar
 15326 | D:10     | Killed Fannar
 15327 | D:10     | Reached XP level 12. HP: 73/88 MP: 0/0
 15336 | D:10     | Noticed a two-headed ogre
 15340 | D:10     | Killed a two-headed ogre
 15513 | D:10     | Identified the +0 cloak "Xis Xuoq" {rF+ rCorr}
 15680 | D:11     | Noticed a sun demon
 15747 | D:11     | Found a runed translucent door.
 15747 | D:11     | Noticed nago's ghost (novice GnCA)
 15805 | D:11     | Noticed a boulder beetle
 15818 | D:11     | Killed a boulder beetle
 16048 | D:11     | Found Hyutsime's Antique Weapon Shop.
 16639 | Lair:1   | Entered Level 1 of the Lair of Beasts
 17447 | Lair:1   | Reached skill level 11 in Spellcasting
 18238 | Lair:2   | Found a frozen archway.
 18258 | IceCv    | Entered an ice cave
 18270 | IceCv    | Reached **** piety under Makhleb
 19165 | IceCv    | Reached skill level 1 in Shields
 19165 | IceCv    | Reached XP level 13. HP: 33/96 MP: 0/0
 19165 | IceCv    | Learned a level 5 spell: Freezing Cloud
 19550 | IceCv    | Identified the +1 robe "Huenacw" {Rampage Will- rCorr
                  | Int+5}
 19596 | IceCv    | HP: 2/96 [entropy weaver simulacrum (7)]
 19596 | IceCv    | Mangled by an entropy weaver simulacrum

Illustrated notes

Levels and vault maps discovered:
D:1:      beargit_arrival_greenhouse, layout_loops_ring, serial_shops,
          nicolae_square_shop
D:2:      minmay_roachtagon, layout_rooms, basic_ecumenical_altar,
          grunt_ministairs_9, uniq_terence, uniq_jessica
D:3:      layout_basic, serial_shops, shop, uniq_crazy_yiuf_cottage
D:4:      layout_cave_pools, gammafunk_ghost_grave, uniq_edmund, uniq_grinder
D:5:      layout_gridville
D:6:      layout_cave_pools, minmay_temple_entry_fiery,
          kennysheep_generic_room_3
D:7:      gammafunk_steamed_eel, layout_rooms, serial_co_window_serial,
          co_window_paths_b, co_window_corner_a, co_window_paths_a,
          co_window_corner_a, co_window_paths_b, co_window_paths_a,
          co_window_of_opportunity_a, co_window_2corner,
          co_window_of_opportunity_b, co_window_broadway_c, enter_bailey_2,
          minmay_misc_feat_iff, minivault_19, chequers_serial_rivers_room_b,
          eino_small_chamber_without_monster, minmay_stone_trees_small,
          corner_web_ring, grunt_ministairs_1
D:8:      layout_basic, nicolae_qazlal_style_of_elements, disabler_island,
          uniq_maurice
D:9:      layout_irregular_city, erik_orc_4, serial_bayou, serial_bayou_ford_a,
          serial_bayou_lagoon_b, serial_bayou_lagoon_a, uniq_joseph
D:10:     layout_cave_pools, lair_entry_dummy, wad_mini_maze, uniq_fannar
D:11:     layout_roguey, serial_shops, nicolae_shop_stone,
          hellmonk_ghost_big_iron
Temple:   grunt_wide_crystal_templ
Lair:1:   layout_long_grid, grunt_megastairs_4, lemuel_fruit_tree
Lair:2:   layout_loops_ring, spider_nest_entry_webs,
          portal_ice_cave_entry_ice_simulacra, beast_lair_carwin_11
IceCv:    ice_cave_caverns_03

Skill      XL: |  1  2  3  4  5  6  7  8  9 10 11 12 |
---------------+-------------------------------------+-----
Fighting       | 1 2 4 5 6 7 8 9 |  9.8
Spellcasting   | 3 4 5 6 7 9 10 11 | 11.1
Dodging        | 3 5 7 8 9 |  9.7
Invocations    | 2 4 6 7 |  7.7
Shields        | 1 |  1.1
Stealth        | |  1.5

Action                   |  1- 3 |  4- 6 |  7- 9 | 10-12 | 13-15 || total
-------------------------+-------+-------+-------+-------+-------++-------
Melee: Dagger            |       |     2 |       |       |       ||     2
 Cast: Shock             |    48 |   136 |    36 |    15 |       ||   235
       Airstrike         |       |       |    86 |   394 |    14 ||   494
Evoke: Wand              |       |       |       |    15 |       ||    15
  Use: Scroll            |       |       |     7 |    17 |       ||    24
Armor: Robe              |     3 |     4 |       |     7 |       ||    14
       Steam dragon scal |       |       |     5 |       |       ||     5
Dodge: Dodged            |     3 |    21 |    12 |    43 |    12 ||    91
Block: Buckler           |       |       |       |       |     2 ||     2

Table legend: (Time is in decaauts)
 A = Elapsed time spent in this place.
 B = Non-inter-level travel time spent in this place.
 C = Inter-level travel time spent in this place.
 D = Time resting spent in this place.
 E = Time spent auto-exploring this place.
 F = Levels seen in this place.
 G = Mean time per level.
                   A        B        C        D        E       F      G
               +--------+--------+--------+--------+--------+-----+--------+
         Total |  19595 |  19247 |    348 |   1982 |  15416 |  16 | 1224.7 |
       Dungeon |  15041 |  14729 |    312 |    778 |  12624 |  11 | 1367.4 |
        Temple |     18 |     10 |      8 |      0 |      0 |   1 |   18.0 |
          Lair |   1618 |   1591 |     27 |    132 |   1304 |   2 |  809.0 |
        Bailey |   1578 |   1578 |      0 |    132 |   1194 |   1 | 1578.0 |
      Ice Cave |   1337 |   1337 |      0 |    940 |    294 |   1 | 1337.0 |
               +--------+--------+--------+--------+--------+-----+--------+

Top non-repeatable levels by time:
     D:8: 2024 daAuts
     D:5: 1755 daAuts
    D:10: 1677 daAuts
     D:7: 1619 daAuts
  Bailey: 1578 daAuts
  Lair:1: 1445 daAuts
     D:3: 1409 daAuts
     D:9: 1349 daAuts
   IceCv: 1337 daAuts
     D:4: 1300 daAuts
     D:2: 1158 daAuts
     D:1: 1126 daAuts
    D:11: 933 daAuts
     D:6: 687 daAuts
  Lair:2: 172 daAuts
